 Dungeon Crawl Stone Soup version 0.17-a0-1500-gecf5ee4 (webtiles) character file.

216722 Lektor the Peltast (level 18, -3/172 HPs)
             Began as a Minotaur Fighter on July 4, 2015.
             Was the Champion of Okawaru.
             Killed from afar by a starcursed mass (14 damage)
             ... with an accursed screaming
             ... on level 1 of the Abyss on July 7, 2015.
             The game lasted 04:36:31 (36626 turns).

Lektor the Peltast (Minotaur Fighter)              Turns: 36626, Time: 04:36:31

Health: -3/172     AC: 41    Str: 27    XL:     18   Next: 74%
Magic:  26/26      EV: 17    Int:  9    God:    Okawaru [******]
Gold:   2190       SH: 18    Dex: 23    Spells: 2 memorised, 17 levels left

rFire  . . .     SeeInvis +     y - +6 demon blade (elec)
rCold  + . .     Clarity  +     x - +1 crystal plate armour
rNeg   + + +     SustAt   .     c - +1 shield
rPois  +         Gourm    .     e - +0 hat {SInv}
rElec  .         Spirit   .     Z - +2 cloak {rPois}
rCorr  .         Warding  .     i - +0 pair of gloves "Ytajya" {*Contam rPois rC+ rN+++}
rMut   .         Stasis   .     V - +2 pair of boots {Fly}
MR     +....                    C - amulet of clarity
Stlth  ..........               j - +5 ring of dexterity
                                s - +6 ring of protection

@: mighty, agile, about to teleport, very slightly contaminated, somewhat
resistant to hostile enchantments, extremely unstealthy
A: retaliatory headbutt, horns 2
a: Heroism, Finesse, Renounce Religion, Evoke Flight


You were on level 1 of the Abyss.
You worshipped Okawaru.
Okawaru was exalted by your worship.
You were not hungry.

You visited 7 branches of the dungeon, and saw 34 of its levels.
You visited the Abyss 2 times.
You also visited: Labyrinth, Ossuary and Ice Cave.

You collected 3908 gold pieces.
You spent 1718 gold pieces at shops.

Inventory:

Hand weapons
 y - a +6 demon blade of electrocution (weapon)
Missiles
 h - 19 bolts of penetration
Armour
 c - a +1 shield (worn)
 e - a +0 hat of see invisible (worn)
 i - the +0 pair of gloves "Ytajya" (worn) {*Contam rPois rC+ rN+++}
   (You bought it in a shop on level 7 of the Dungeon)

   It protects you from cold.
   It protects you from poison.
   It renders you almost immune to negative energy.
   It causes magical contamination when unequipped.
 x - a +1 crystal plate armour (worn)
 V - a +2 pair of boots of flying (worn)
 Z - a +2 cloak of poison resistance (worn)
Jewellery
 j - a +5 ring of dexterity (right hand)
 s - a +6 ring of protection (left hand)
 C - an amulet of clarity (around neck)
Magical devices
 b - a wand of cold (8)
 r - a wand of invisibility (5)
 z - a wand of slowing (18)
 E - a wand of lightning (3)
 G - a wand of disintegration (10)
 P - a wand of paralysis (9)
 Q - a wand of teleportation (5)
 R - a wand of digging (4)
 S - a wand of slowing (16)
 Y - a wand of digging (14)
Scrolls
 l - 3 scrolls of enchant armour
 n - 2 scrolls of silence
 q - a scroll of holy word
 u - 4 scrolls of magic mapping
 v - 9 scrolls of recharging
 D - 11 scrolls of identify
 I - 7 scrolls of fog
 K - 13 scrolls of remove curse
 L - 9 scrolls of teleportation
 M - a scroll of blinking
 O - 8 scrolls of fear
 T - 2 scrolls of vulnerability
Potions
 d - a potion of might
 f - 2 potions of berserk rage
 g - 3 potions of resistance
 k - 3 potions of lignification
 p - 2 potions of agility
 t - 8 potions of curing
 B - a potion of flight
 J - a potion of cure mutation
 U - a potion of invisibility
 W - 7 potions of haste
Miscellaneous
 m - a disc of storms
 o - a phial of floods
 X - a box of beasts {used: 2}
Comestibles
 a - a chunk of flesh
 w - 6 bread rations
 F - 11 meat rations
 H - 6 fruits
 N - a royal jelly


   Skills:
 + Level 18.0 Fighting
   Level 7.9(11.8) Short Blades
 + Level 14.8(15.6) Long Blades
   Level 5.0 Crossbows
 - Level 17.1 Armour
 - Level 8.2 Dodging
 - Level 18.0 Shields
 - Level 5.8 Unarmed Combat
 - Level 1.5 Spellcasting
 - Level 1.0 Charms
 - Level 6.0 Invocations
 + Level 12.0 Evocations


You had 17 spell levels left.
You knew the following spells:

 Your Spells              Type           Power        Failure   Level  Hunger
a - Summon Butterflies    Summ           #.......     100%        1    ##.....
b - Repel Missiles        Chrm/Air       #.....       100%        2    ###....


Dungeon Overview and Level Annotations

Branches:
Dungeon (15/15)            Temple (1/1) D:6            Lair (8/8) D:8
 Shoals (0/4) Lair:6       Spider (3/4) Lair:4        Slime (0/6) Lair:7
    Orc (4/4) D:12            Elf (2/3) Orc:4        Vaults (0/5) D:13
 Depths (1/5) D:15

Altars:
Ashenzari
Cheibriados
Dithmenos
Elyvilon
Fedhas
Gozag
Kikubaaqudgha
Makhleb
Nemelex Xobeh
Okawaru
Qazlal
Ru
Sif Muna
Trog
Vehumet
Xom
Yredelemnul
Zin
The Shining One
Beogh

Shops:
D:7 ?:%[   D:9 }   D:13 [   Orc:1 [%%?!   Orc:4 %(!*

Annotations:
Lair:1 exclusion: oklob plant


Innate Abilities, Weirdness & Mutations

You reflexively headbutt those who attack you in melee.
You have a pair of horns on your head.


Message History

A wight comes into view. It is wielding an enchanted spear.
A deafening chorus of shrieks assaults your mind!
* * * LOW HITPOINT WARNING * * *
A wight comes into view. It is wielding a war axe of flaming.
A tentacle flies out from the starspawn's body!
The starcursed mass engulfs you but does no damage.
A deafening chorus of shrieks assaults your mind!
* * * LOW HITPOINT WARNING * * *
You slice the starcursed mass!!
You destroy the starcursed mass!
Drink which item? (? for menu, Esc to quit)
Okay, then.
Evoke which item? (* to show all) (? for menu, Esc to quit)
Okay, then.
Read which item? (? for menu, Esc to quit)
As you read the scroll of teleportation, it crumbles to dust.
You feel strangely unstable.
You feel the power of the Abyss delaying your translocation!
A deafening chorus of shrieks assaults your mind!
You die...

.##..##..##..##..
#X.# .
..................
..X ............X*
. ...w. .. #..
#..##X.##..##..# .
..##..##..##X.##..#
. .
........X..........
.. ...
....X.X........
##..##.X##..##..##
..##..##@.##..# .#
...z............ x.
..z.............. .
..##.z##..##..##..
#.. #..# ..# .. ...
.... .. .##. #..##
## . #..# ...


You could see 6 starcursed masses, a tentacled starspawn and 3 wights.

Vanquished Creatures
  3 bone dragons (Abyss:1)
  Arachne (Spider:2)
  A lich (Abyss:1)
  Rupert (D:12)
  A deep elf blademaster (Elf:2)
  5 tentacled starspawn (Abyss:1)
  Kirke (D:14)
  Roxanne (Spider:1)
  A daeva (Abyss:1)
  A shadow dragon (Abyss:1)
  Maud (Lair:3)
  2 ghost moths (Spider:2)
  Louise (D:15)
  A draconian zealot (Abyss:1)
  A balrug (Abyss:1)
  The ghost of androgeny the Severer, a powerful MiFi of Trog (Elf:2)
  An emperor scorpion (Spider:1)
  A deep elf annihilator (Elf:1)
  A deep elf demonologist (Elf:2)
  Azrael (Orc:4)
  A mottled draconian (Abyss:1)
  2 deep elf death magi (Elf:2)
  A minotaur (Lab)
  The ghost of Econoterrorist the Grappler, a powerful TrCK of Xom (D:11)
  Josephine (Orc:3)
  4 vault guards (D:13)
  Erolcha (D:10)
  9 hydras
  An ogre mage (D:15)
  2 catoblepae
  A deep troll shaman (Lair:8)
  3 centaur warriors
  12 dancing weapons (Elf:2)
  A tengu warrior (D:15)
  6 death yaks (Lair:8)
  2 thrashing horrors (Abyss:1)
  A titan zombie (Abyss:1)
  17 deep elf knights
  A soul eater (Abyss:1)
  The ghost of Tyryt0 the Blocker, an experienced GrFi of Trog (D:9)
  3 wretched stars (Abyss:1)
  The ghost of WhatIsLove the Changer, an experienced DrMo of Elyvilon (Lab)
  A sun demon (Abyss:1)
  9 skeletal warriors
  5 unseen horrors
  A spatial maelstrom (Abyss:1)
  A flayed ghost (D:15)
  7 hill giants
  2 wizards
  6 deep elf summoners
  A lindwurm (Lair:8)
  A shadow demon (Abyss:1)
  2 ice statues
  Pikel (D:7)
  5 orc knights
  16 ugly things
  18 deep elf conjurers
  5 orb spiders
  2 wolf spider zombies
  An oklob plant (Lair:8)
  2 necromancers
  10 wolf spiders
  A fire giant zombie (D:15)
  3 griffons
  A shining eye (Abyss:1)
  5 cyclopes
  A sixfirhy (Abyss:1)
  3 manticores
  A spectral centaur (D:13)
  2 smoke demons (Abyss:1)
  2 orange demons (Abyss:1)
  2 apocalypse crabs (Abyss:1)
  A black mamba (Lair:3)
  A frost giant skeleton (D:15)
  19 elephants
  4 torpor snails
  2 gargoyles
  5 centaur skeletons
  2 kobold demonologists
  7 komodo dragons
  A fire drake (Lair:8)
  14 spiny frogs
  5 efreet
  3 demonic crawlers
  A guardian mummy (D:15)
  A tengu conjurer (D:10)
  A hellwing (Abyss:1)
  2 ancient zymes (Abyss:1)
  12 freezing wraiths
  9 deep elf priests
  A harpy zombie (Abyss:1)
  A wolf spider simulacrum (IceCv)
  3 yaktaurs (D:15)
  5 polar bears
  4 trolls
  15 jumping spiders
  5 two-headed ogres
  25 blink frogs
  A boulder beetle (Spider:3)
  3 slime creatures (D:15)
  9 raiju (Abyss:1)
  3 trapdoor spiders
  An ettin zombie (Abyss:1)
  A hornet zombie (D:15)
  3 wandering mushrooms (Lab)
  An ice dragon zombie (D:15)
  7 large abominations (Abyss:1)
  2 flying skulls (Abyss:1)
  2 wyverns
  20 redbacks
  Sigmund (D:4)
  A water elemental (Depths:1)
  58 yaks
  14 tarantellas
  3 ynoxinuls (Abyss:1)
  4 basilisks
  7 wraiths
  5 hogs (D:15)
  8 hungry ghosts
  A yak (shapeshifter) (Abyss:1)
  20 deep elf magi
  A golden eye (Abyss:1)
  12 hippogriffs
  A fire elemental (Orc:4)
  A tengu zombie (D:15)
  28 wolves
  4 chaos spawn (Abyss:1)
  3 neqoxecs (Abyss:1)
  25 deep elf fighters
  A soldier ant (D:14)
  21 water moccasins
  5 hell hounds (Orc:4)
  Duvessa (D:4)
  13 ice beasts
  16 porcupines
  A swamp drake (Orc:1)
  3 black bears
  2 eyes of draining
  18 spiders
  32 orc warriors
  A slave (D:7)
  A snapping turtle zombie (Abyss:1)
  2 sky beasts
  A necrophage (D:10)
  14 ogres
  A phantom (D:9)
  A wasp (D:7)
  12 crocodiles
  21 centaurs
  7 big kobolds
  A brain worm (Lair:8)
  17 giant frogs
  A wyvern skeleton (D:14)
  21 scorpions
  Dowan (D:4)
  An elephant simulacrum (IceCv)
  A swamp dragon simulacrum (IceCv)
  3 killer bees (D:14)
  25 wights
  8 centaur zombies
  An electric eel (Spider:1)
  7 crimson imps
  12 starcursed masses (Abyss:1)
  4 giant frog skeletons
  Crazy Yiuf (D:3)
  5 draconian simulacra (IceCv)
  5 human zombies (Ossuary)
  23 orc priests
  A gnoll shaman (D:8)
  8 hounds
  10 iguanas
  8 jellies
  35 orc wizards
  4 iron imps
  A quasit (Abyss:1)
  14 worker ants
  3 troll simulacra (IceCv)
  5 hell rats
  2 killer bee zombies
  2 spriggan simulacra (IceCv)
  30 sheep
  3 centaur simulacra
  A wolf simulacrum (IceCv)
  A big kobold zombie (Ossuary)
  10 small abominations (Abyss:1)
  2 hound zombies
  2 hound skeletons (D:9)
  3 mummies (Ossuary)
  A worker ant zombie (D:10)
  7 gnolls
  3 naga simulacra (IceCv)
  5 ogre simulacra (IceCv)
  76 river rats
  4 scorpion zombies (Ossuary)
  2 shadow imps
  18 white imps
  17 adders
  An ufetubus (Abyss:1)
  4 adder skeletons
  An adder zombie (D:6)
  2 worms (D:2)
  163 orcs
  19 goblins
  20 hobgoblins
  6 jackals
  9 quokkas
  A ball python (D:3)
  12 bats
  5 giant cockroaches
  8 giant geckos
  5 giant newts
  A gnoll zombie (Ossuary)
  2 goblin zombies (Ossuary)
  5 hobgoblin zombies (Ossuary)
  2 jackal zombies
  31 kobolds
  A kobold zombie (Ossuary)
  2 orc zombies (Ossuary)
  21 rats
  A bush (Lair:6)
  2 butterflies
  A fire vortex (Abyss:1)
  2 plants (Lair:7)
  A starspawn tentacle (Abyss:1)
1532 creatures vanquished.

Vanquished Creatures (collateral kills)
  A wretched star (Abyss:1)
  A wolf spider (Spider:1)
  3 ugly things (D:15)
  An efreet (Abyss:1)
  A demonic crawler (Spider:1)
  A jumping spider (Spider:1)
  3 tarantellas (Spider:1)
  A redback (Spider:1)
  A spider (Spider:1)
13 creatures vanquished.

Vanquished Creatures (others)
  A wolf spider (Spider:1)
  A large abomination (Abyss:1)
  A human (D:15)
  2 slaves (D:7)
  An ogre (D:7)
  2 wights (D:7)
  A sheep (D:15)
  3 orcs
  A rat (D:7)
  A fire vortex (Abyss:1)
  17 fungi
  A lurking horror (Abyss:1)
  9 plants
  20 starspawn tentacles (Abyss:1)
  325 starspawn tentacle segments (Abyss:1)
386 creatures vanquished.

Grand Total: 1931 creatures vanquished

Notes
Turn   | Place    | Note
--------------------------------------------------------------
     0 | D:1      | Lektor the Minotaur Fighter began the quest for the Orb.
     0 | D:1      | Reached XP level 1. HP: 19/19 MP: 0/0
   134 | D:1      | Reached skill level 4 in Shields
   139 | D:1      | Reached XP level 2. HP: 26/26 MP: 1/1
   581 | D:2      | Reached XP level 3. HP: 29/31 MP: 2/2
   615 | D:2      | Found a radiant altar of Vehumet.
   936 | D:2      | Found a white marble altar of Elyvilon.
  1087 | D:2      | Reached skill level 5 in Shields
  1154 | D:2      | Reached XP level 4. HP: 36/39 MP: 3/3
  1369 | D:3      | Found an iron altar of Okawaru.
  1425 | D:3      | Became a worshipper of Warmaster Okawaru
  2088 | D:3      | Noticed Crazy Yiuf
  2099 | D:3      | Killed Crazy Yiuf
  2099 | D:3      | Reached skill level 5 in Long Blades
  2099 | D:3      | Reached XP level 5. HP: 17/45 MP: 4/4
  2533 | D:4      | Noticed Dowan
  2574 | D:4      | Found a sparkling altar of Nemelex Xobeh.
  2580 | D:4      | Reached skill level 6 in Shields
  2587 | D:4      | Killed Dowan
  2587 | D:4      | Acquired Okawaru's first power
  2587 | D:4      | Reached XP level 6. HP: 49/51 MP: 5/5
  2589 | D:4      | Noticed Duvessa
  2615 | D:4      | Got a bloodstained short sword
  2616 | D:4      | Identified the +9 short sword "Muedd" {speed, rN+ Stlth+} (You found it on level 4 of the Dungeon)
  2631 | D:4      | Noticed Sigmund
  2638 | D:4      | Killed Sigmund
  2638 | D:4      | Reached skill level 7 in Shields
  2673 | D:4      | Killed Duvessa
  2673 | D:4      | Reached XP level 7. HP: 53/57 MP: 6/6
  2808 | D:4      | Noticed an ogre
  2818 | D:4      | Killed an ogre
  2824 | D:4      | Reached skill level 8 in Shields
  3052 | D:4      | Noticed an ogre
  3063 | D:4      | Killed an ogre
  3066 | D:4      | Found a shadowy altar of Dithmenos.
  3412 | D:4      | Reached XP level 8. HP: 64/64 MP: 7/7
  3420 | D:5      | Entered Level 5 of the Dungeon
  3428 | D:5      | Reached skill level 5 in Short Blades
  3428 | D:5      | You fall through a shaft!
  3590 | D:5      | Found a sand-covered staircase.
  3601 | Ossuary  | Entered an ossuary
  3776 | Ossuary  | Reached skill level 9 in Shields
  4114 | Ossuary  | Reached skill level 10 in Shields
  4741 | D:5      | Found a stormy altar of Qazlal.
  5146 | D:5      | Reached XP level 9. HP: 70/70 MP: 8/8
  5685 | D:6      | Reached skill level 1 in Invocations
  5870 | D:6      | Found a sparkling altar of Nemelex Xobeh.
  6014 | D:6      | Learned a level 1 spell: Summon Butterflies
  6391 | D:7      | Found Budilom's Food Emporium.
  6391 | D:7      | Noticed Pikel
  6415 | D:7      | Killed Pikel
  6415 | D:7      | Acquired Okawaru's second power
  6454 | D:7      | Reached skill level 5 in Invocations
  6488 | D:7      | Found Zaerem's Armour Emporium.
  6761 | D:7      | Identified a scroll of acquirement
  7038 | D:7      | Reached skill level 5 in Fighting
  7052 | D:7      | Found Qoish's Book Shop.
  7156 | D:7      | Found Omen Aji's Magic Scroll Shop.
  7242 | D:6      | Found a staircase to the Ecumenical Temple.
  7360 | Temple   | Entered the Ecumenical Temple
  7481 | D:6      | Got a pitted scale mail
  7492 | D:6      | Identified the +0 scale mail of the Mutiny {Str+9 Int+6} (You found it on level 6 of the Dungeon)
  7701 | D:6      | Reached skill level 5 in Armour
  8116 | D:8      | Reached XP level 10. HP: 66/83 MP: 13/13
  8366 | D:7      | Bought the cursed +0 pair of gloves "Ytajya" {*Contam rPois rC+ rN+++} for 526 gold pieces
  8730 | D:8      | Reached skill level 1 in Evocations
  8785 | D:8      | Found a staircase to the Lair.
  8982 | Lair:1   | Entered Level 1 of the Lair of Beasts
  9103 | Lair:1   | Received a gift from Okawaru
  9153 | Lair:1   | Noticed an oklob plant
  9524 | Lair:1   | Reached skill level 10 in Fighting
  9524 | Lair:1   | Reached skill level 10 in Armour
  9524 | Lair:1   | Reached XP level 11. HP: 81/101 MP: 14/14
  9717 | Lair:1   | Noticed a six-headed hydra
  9728 | Lair:1   | Killed a six-headed hydra
  9728 | Lair:1   | Reached XP level 12. HP: 86/108 MP: 15/15
 10428 | Lair:2   | Reached skill level 11 in Fighting
 10432 | Lair:2   | Reached skill level 5 in Evocations
 10497 | Lair:2   | Found a frozen archway.
 10507 | IceCv    | Entered an ice cave
 10846 | IceCv    | Received a gift from Okawaru
 10919 | IceCv    | Reached skill level 10 in Long Blades
 11298 | IceCv    | Reached skill level 1 in Dodging
 11324 | IceCv    | Found an ancient bone altar of Kikubaaqudgha.
 12615 | Lair:2   | Received a gift from Okawaru
 12807 | Lair:2   | Got a pair of heavily runed gloves
 12833 | Lair:2   | Reached skill level 12 in Fighting
 12941 | Lair:3   | Noticed a four-headed hydra
 12961 | Lair:2   | Identified the cursed +0 pair of gloves of Nihilism {rElec rC+ Str+4} (You found it on level 2 of the Lair of Beasts)
 13021 | Lair:3   | Noticed Maud
 13037 | Lair:3   | Killed Maud
 13037 | Lair:3   | Reached XP level 13. HP: 31/118 MP: 10/16
 13080 | Lair:3   | Received a gift from Okawaru
 13358 | Lair:3   | Noticed a five-headed hydra
 13368 | Lair:3   | Killed a five-headed hydra
 13420 | Lair:3   | Reached skill level 5 in Dodging
 13919 | Lair:3   | Received a gift from Okawaru
 13969 | Lair:3   | Killed a six-headed hydra
 14348 | Lair:4   | Upgraded the game from 0.17-a0-1481-gfdcec5c to 0.17-a0-1485-g22cb0ee
 14633 | Lair:4   | Found a hole to the Spider Nest.
 15155 | Lair:4   | Received a gift from Okawaru
 15459 | Lair:4   | Reached skill level 13 in Fighting
 16673 | Lair:6   | Reached XP level 14. HP: 84/129 MP: 17/17
 16716 | Lair:6   | Found a staircase to the Shoals.
 17052 | Lair:7   | Received a gift from Okawaru
 17084 | Lair:7   | Found a staircase to the Slime Pits.
 17217 | Lair:7   | Found a labyrinth entrance.
 17230 | Lab      | Entered a labyrinth
 17269 | Lab      | Noticed WhatIsLove's ghost (experienced DrMo)
 17283 | Lab      | Killed WhatIsLove's ghost
 17657 | Lair:7   | Reached skill level 1 in Unarmed Combat
 18231 | Lair:8   | Entered Level 8 of the Lair of Beasts
 19099 | Lair:8   | Reached skill level 14 in Shields
 19705 | D:9      | Noticed Tyryt0's ghost (experienced GrFi)
 19720 | D:9      | Killed Tyryt0's ghost
 20148 | D:9      | Found Jitof's Gadget Boutique.
 20297 | D:9      | Found a blossoming altar of Fedhas.
 20303 | D:9      | Found an ancient bone altar of Kikubaaqudgha.
 20516 | D:10     | Entered Level 10 of the Dungeon
 20698 | D:10     | Noticed Erolcha
 20709 | D:10     | Killed Erolcha
 20709 | D:10     | Reached XP level 15. HP: 137/137 MP: 18/18
 21014 | D:10     | Reached skill level 5 in Unarmed Combat
 21901 | D:11     | Received a gift from Okawaru
 21905 | D:11     | Got a slimy rapier {god gift}
 21906 | D:11     | Identified the +2 rapier of Disintegration {elec, -Tele rC+ MR+} (Okawaru gifted it to you on level 11 of the Dungeon)
 22462 | D:12     | Noticed Rupert
 22480 | D:12     | Killed Rupert
 22553 | D:12     | Reached skill level 1 in Spellcasting
 22729 | D:12     | Found a staircase to the Orcish Mines.
 22735 | Orc:1    | Entered Level 1 of the Orcish Mines
 22759 | Orc:1    | Found Puteinas's Food Emporium.
 22763 | Orc:1    | Found Eroerch's Food Boutique.
 22830 | Orc:1    | Found a roughly hewn altar of Beogh.
 22909 | Orc:1    | Found Defan's Distillery.
 23220 | Orc:1    | Learned a level 2 spell: Repel Missiles
 23301 | Orc:1    | Found Rocs's Armour Boutique.
 23352 | Orc:1    | Found Tipp's Magic Scroll Shoppe.
 23737 | Orc:2    | Reached skill level 1 in Crossbows
 24339 | Orc:4    | Entered Level 4 of the Orcish Mines
 24350 | Orc:3    | Found a burning altar of Makhleb.
 24350 | Orc:3    | Noticed Josephine
 24361 | Orc:3    | Killed Josephine
 24761 | Orc:3    | Received a gift from Okawaru
 25057 | Orc:4    | Found a radiant altar of Vehumet.
 25118 | Orc:4    | Noticed Azrael
 25164 | Orc:4    | Killed Azrael
 25196 | Orc:4    | Received a gift from Okawaru
 25221 | Orc:4    | Found Ywiogett's Distillery.
 25221 | Orc:4    | Found Weqo's Weapon Emporium.
 25223 | Orc:4    | Found Puahoquuc's Food Shoppe.
 25225 | Orc:4    | Found Edeit's General Store.
 25282 | Orc:4    | Reached skill level 5 in Crossbows
 25297 | Orc:4    | Found a staircase to the Elven Halls.
 25715 | Orc:4    | Bought a potion of cure mutation for 490 gold pieces
 25715 | Orc:4    | Bought a potion of invisibility for 112 gold pieces
 25715 | Orc:4    | Bought a potion of berserk rage for 70 gold pieces
 25903 | Orc:4    | Bought a scroll of acquirement for 520 gold pieces
 25932 | Elf:1    | Entered Level 1 of the Elven Halls
 26157 | Elf:1    | Reached skill level 15 in Shields
 26250 | Elf:1    | Received a gift from Okawaru
 26267 | Elf:1    | Identified Niklun's Disquisition on Cloudy Attacks (You found it on level 1 of the Elven Halls)
 26281 | Elf:1    | Got a jade-studded chain mail {god gift}
 26292 | Elf:1    | Identified the +1 chain mail of a volcano {rF- Str+5} (Okawaru gifted it to you on level 1 of the Elven Halls)
 26933 | Elf:1    | Reached skill level 15 in Fighting
 27148 | Elf:1    | Reached XP level 16. HP: 149/149 MP: 19/19
 27281 | Elf:2    | Reached skill level 15 in Armour
 27454 | Elf:2    | Found a runed gate.
 27461 | Elf:2    | Found a runed gate.
 27461 | Elf:2    | Found a runed gate.
 27788 | Elf:2    | Noticed a deep elf blademaster
 27803 | Elf:2    | Noticed androgeny's ghost (powerful MiFi)
 27807 | Elf:2    | Reached skill level 16 in Shields
 27820 | Elf:2    | Killed a deep elf blademaster
 27861 | Elf:2    | Killed androgeny's ghost
 27872 | Elf:2    | Received a gift from Okawaru
 28086 | Elf:2    | Gained mutation: Your magical capacity is low (-10% MP). [mutagenic glow]
 28320 | Elf:2    | Upgraded the game from 0.17-a0-1485-g22cb0ee to 0.17-a0-1500-gecf5ee4
 29134 | D:13     | Found Lagroafekk's Armour Boutique.
 29769 | D:13     | Found a gate to the Vaults.
 30005 | D:13     | Reached skill level 1 in Charms
 30180 | D:14     | Reached XP level 17. HP: 159/159 MP: 19/19
 30511 | D:14     | Cast into the Abyss (a wizard)
 30563 | Abyss:1  | Noticed a lich
 30601 | Abyss:1  | Killed a lich
 30601 | Abyss:1  | Received a gift from Okawaru
 30741 | Abyss:1  | Noticed a bone dragon
 30786 | Abyss:1  | Killed a bone dragon
 31015 | Abyss:1  | Reached skill level 17 in Fighting
 31092 | Abyss:1  | Gained mutation: You expend magic power (3 MP) to strengthen your wands. [a shining eye]
 31094 | Abyss:1  | Gained mutation: You tend to lose your temper in combat. [a shining eye]
 31102 | Abyss:1  | Noticed a bone dragon
 31134 | Abyss:1  | Killed a bone dragon
 31440 | D:14     | Escaped the Abyss
 31941 | D:15     | Entered Level 15 of the Dungeon
 31941 | D:15     | Noticed Kirke
 32227 | D:14     | Killed Kirke
 32639 | D:15     | Reached skill level 10 in Evocations
 32747 | D:15     | Noticed Louise
 32788 | D:15     | Killed Louise
 32931 | D:15     | Found a staircase to the Depths.
 32934 | D:15     | Received a gift from Okawaru
 32971 | Depths:1 | Entered Level 1 of the Depths
 33494 | D:15     | Received a gift from Okawaru
 33511 | D:15     | Reached XP level 18. HP: 169/169 MP: 22/22
 33868 | D:11     | Noticed Econoterrorist's ghost (powerful TrCK)
 33883 | D:11     | Killed Econoterrorist's ghost
 33883 | D:11     | Reached skill level 18 in Shields
 34051 | Spider:1 | Entered Level 1 of the Spider Nest
 34184 | Spider:1 | Received a gift from Okawaru
 34392 | Spider:1 | Noticed Roxanne
 34775 | Spider:2 | Noticed Arachne
 34801 | Spider:2 | Killed Arachne
 34801 | Spider:2 | Received a gift from Okawaru
 35031 | Spider:1 | Killed Roxanne
 35807 | Spider:3 | Cast into the Abyss (the power of Zot)
 35831 | Abyss:1  | Lost mutation: You tend to lose your temper in combat. [potion of cure mutation]
 35831 | Abyss:1  | Lost mutation: You expend magic power (3 MP) to strengthen your wands. [potion of cure mutation]
 35831 | Abyss:1  | Lost mutation: Your magical capacity is low (-10% MP). [potion of cure mutation]
 35929 | Abyss:1  | Noticed a bone dragon
 35958 | Abyss:1  | Killed a bone dragon
 35990 | Abyss:1  | Found a corrupted altar of Lugonu.
 36425 | Abyss:1  | Found an ancient bone altar of Kikubaaqudgha.
 36481 | Abyss:1  | Paralysed by you for 2 turns
 36512 | Abyss:1  | Received a gift from Okawaru
 36596 | Abyss:1  | Paralysed by accursed screaming for 1 turns
 36602 | Abyss:1  | Paralysed by accursed screaming for 2 turns
 36605 | Abyss:1  | HP: 2/172 [starcursed mass/accursed screaming (11)]
 36622 | Abyss:1  | Paralysed by accursed screaming for 1 turns
 36626 | Abyss:1  | Killed from afar by a starcursed mass

Vault maps used:
D:1:      saegor_arrival_simple_f, st_stairs_1
D:2:      overflow_temple_1_default, nicolae_overflow_crystal_walls
D:3:      first_bread, okawaru_ov_weapons_minmay, uniq_crazy_yiuf_cottage
D:4:      kennysheep_mini, grunt_dithmenos_smoke_and_mirrors, uniq_duvessa,
          uniq_sigmund
D:5:      nicolae_qazlal_general_emergency, enter_ossuary_3, dk_vineyard_3
D:6:      minmay_temple_entry_butterflies, nemelex_diamond_rough_becter
D:7:      serial_shops, shop, nicolae_shop_stone, shop, nicolae_shop_waterfront,
          grunt_ogre_cave, uniq_pikel
D:8:      dpeg_lair_monsters
D:9:      grunt_temple_overflow_growth_and_decay, serial_shops,
          nicolae_shop_waterfront
D:10:     minmay_quarter_circles, minmay_misc_feat_rows, kennysheep_cross_room,
          uniq_erolcha
D:12:     orc_0_dummy, uniq_rupert
D:13:     lightli_vaults_fourway_checkpoint, serial_shops, shop,
          hangedman_weighted_door
D:14:     minmay_misc_feat_more_columns, kennysheep_generic_room_11
D:15:     gammafunk_depths_entry_grave, uniq_kirke, uniq_louise
Temple:   circular_temple_12
Lair:1:   minmay_lair_oklob_chamber, guppyfry_lair_drakes, lemuel_fruit_fields
Lair:2:   portal_ice_cave_entry_pillars_02, ice2_lemuel
Lair:3:   st_stairs_12, uniq_maud
Lair:4:   spider_nest_entry_funnel_web, grunt_forest_large_clearings,
          lemuel_fruit_fields
Lair:5:   kennysheep_rathole
Lair:6:   shoals_dummy_entry, minivault_27, beast_lair_carwin_2
Lair:7:   slime_dummy, lab_entry_generic, kennysheep_catoblepas_arena
Lair:8:   grunt_lair_end_beastmaster, st_stairs_6, grunt_megastairs_3,
          infiniplex_staircase_pool_2
Spider:1: uniq_roxanne
Spider:2: nicolae_spider_stair_cavern, uniq_arachne
Spider:3: guppyfry_wasp_nest
Orc:1:    serial_shops, shop, shop, nicolae_shop_waterfront, shop, shop,
          basic_altar, hangedman_minor_magic
Orc:3:    basic_altar, nicolae_orc_pool_cavern, minmay_orc_keep, uniq_josephine
Orc:4:    st_orc_rangers, basic_altar, nicolae_orc_crystal_geode, uniq_azrael
Elf:1:    eino_elf_arrival_sip, minmay_elf_annihilation
Depths:1: abyss_entry, serial_shops, shop, special_room, roderic_lattice_a,
          pf_dread_powers_of_hell, minivault_16, grunt_tough_drop,
          serial_bayou_shore_b
Abyss:1:  evilmike_abyss_exit_smiterflies
Lab:      labyrinth_mini_lab, nicolae_lab_plus, lab_hedge, labyrinth_fake_exit,
          labyrinth_glass_1, nicolae_lab_flowing_pool, labyrinth_lava_lair,
          nicolae_lab_grate
Ossuary:  ossuary_minmay_scorpions
IceCv:    ice_cave_small_necro

Action                   |  1- 3 |  4- 6 |  7- 9 | 10-12 | 13-15 | 16-18 || total
-------------------------+-------+-------+-------+-------+-------+-------++-------
Melee: Long sword        |   118 |   116 |       |   667 |   188 |       ||  1089
       Short sword       |       |     9 |   455 |   168 |    39 |       ||   671
       Quick blade       |       |       |       |     9 |       |       ||     9
       Demon blade       |       |       |       |       |  1824 |  1782 ||  3606
       Scimitar          |       |       |       |       |       |    22 ||    22
       Unarmed           |       |       |       |       |       |    19 ||    19
 Fire: Blowgun           |       |       |       |    10 |       |       ||    10
       Hunting sling     |       |       |       |       |     3 |       ||     3
Throw: Stone             |       |     5 |     9 |       |       |       ||    14
       Tomahawk          |       |       |     3 |     4 |     9 |       ||    16
       Javelin           |       |       |       |       |     1 |     1 ||     2
Invok: Heroism           |       |       |     2 |     7 |     6 |     1 ||    16
       Finesse           |       |       |       |     2 |     2 |     4 ||     8
 Abil: Stop Flying       |       |       |     1 |     1 |     1 |       ||     3
       Evoke Flight      |       |       |       |     1 |     1 |       ||     2
Evoke: Wand              |       |       |     1 |     2 |     5 |     9 ||    17
       Phial of floods   |       |       |       |       |     1 |     2 ||     3
       Box of beasts     |       |       |       |       |       |     2 ||     2
  Use: Scroll            |       |     2 |    12 |    15 |    15 |     4 ||    48
       Potion            |       |     2 |     2 |     6 |     1 |    13 ||    24
 Stab: Sleeping          |       |       |       |     2 |       |       ||     2
       Distracted        |       |       |       |     1 |       |       ||     1
       Petrified         |       |       |       |       |     6 |       ||     6
       Petrifying        |       |       |       |       |     1 |       ||     1
       Paralysed         |       |       |       |       |       |     3 ||     3
  Eat: Chunk             |     1 |     2 |    12 |    11 |    42 |    26 ||    94
       Bread ration      |       |     1 |       |       |       |       ||     1
       Beef jerky        |       |       |     2 |       |       |       ||     2
       Royal jelly       |       |       |       |     1 |       |       ||     1
       Meat ration       |       |       |       |     1 |     1 |     1 ||     3
       Fruit             |       |       |       |       |     2 |       ||     2
       Pizza             |       |       |       |       |     2 |     2 ||     4
